 Dungeon Crawl Stone Soup version 0.26.1-11-gd32895ea62 (webtiles) character file.

Game seed: 8374166264115056108

48 promet the Sneak (level 3, -1/24 HPs)
             Began as an Octopode Brigand on June 7, 2021.
             Slain by Grinder (4 damage)
             ... on level 3 of the Dungeon.
             The game lasted 00:15:30 (2330 turns).

promet the Sneak (Octopode Brigand)                 Turns: 2330, Time: 00:15:30

Health: -1/24      AC:  1    Str: 10    XL:     3   Next: 72%
Magic:  0/3        EV: 13    Int: 13    God:
Gold:   131        SH:  0    Dex: 14    Spells: 2/2 levels left

rFire    . . .     SeeInvis .   a - +2 dagger
rCold    . . .     Faith    .   (no shield)
rNeg     . . .     Spirit   +   (helmet restricted)
rPois    .         Reflect  .   l - amulet of guardian spirit
rElec    .         Harm     .   (no ring)
rCorr    .         Rampage  .   (no ring)
Will     .....                  (no ring)
Stlth    ++++......             (no ring)
HPRegen  0.08/turn              (no ring)
MPRegen  0.08/turn              (no ring)
                                (no ring)
                                (no ring)

@: no status effects
A: almost no armour, stealthy swim, amphibious, 8 rings, constrict 8, camouflage
1, gelatinous body 1
a: no special abilities


You were on level 3 of the Dungeon.
You visited 1 branch of the dungeon, and saw 3 of its levels.

You collected 131 gold pieces.

Inventory:

Hand Weapons
 a - a +2 dagger (weapon)
Missiles
 b - 11 poisoned darts (quivered)
 d - 77 stones
 h - 17 sling bullets
 n - 17 bolts
Jewellery
 l - an amulet of guardian spirit (around mantle)
 m - an uncursed amulet of faith {unknown}
Scrolls
 k - a scroll of remove curse
 o - a scroll of identify {unknown}
Potions
 e - a potion of haste {unknown}
 f - a potion of brilliance {unknown}
 g - 2 potions of flight {unknown}
 i - 2 potions of invisibility {unknown}
 j - a potion of might {unknown}
 p - 2 potions of mutation {unknown}


   Skills:
 + Level 2.1 Fighting
 + Level 2.1 Short Blades
 + Level 2.1 Throwing
 + Level 1.0 Dodging
 * Level 7.0 Stealth


You had 2 spell levels left.
You didn't know any spells.
Your spell library was empty.

Dungeon Overview and Level Annotations

Branches:
Dungeon (3/15)

Altars:
Hepliaklqana
Uskayaw
Vehumet
Wu Jian
The Shining One

Annotations:
D:3 Grinder


Innate Abilities, Weirdness & Mutations

You cannot wear most types of armour.
You are very stealthy in the water. (Stealth+)
You are amphibious.
You can wear up to eight rings at the same time.
You can use your tentacles to constrict eight enemies at once.
Your skin changes colour to match your surroundings (Stealth+).
Your rubbery body absorbs attacks. (AC +1, EV +1)


Message History

Throw: 13 darts (poison)
Press: ? - help, Q - select action, (/) - cycle Shift-Dir - straight line, f/p - Grinder
Aim: Grinder (heavily wounded, poisoned, 57% to hit)
You throw a poisoned dart.
The poisoned dart closely misses Grinder.
Throw: 12 darts (poison)
Press: ? - help, Q - select action, (/) - cycle Shift-Dir - straight line, f/p - Grinder
Aim: Grinder (heavily wounded, poisoned, 57% to hit)
You throw a poisoned dart.
The poisoned dart barely misses Grinder.
You hit Grinder but do no damage. You grab Grinder.
Grinder is heavily wounded.
You constrict Grinder, but do no damage.
Grinder barely misses you.
You hit Grinder.
Grinder is severely wounded.
You constrict Grinder.
A goblin comes into view. It is wielding a +0 dagger.
Grinder hits you.
You die...

#.# #.# #.# #.# #.# ######## .
#.########......# .((
###.##.....#......#######.(...
.....'.....'....@5..(((g?.....
.##.##.....#..††..#######.....
.##.##.....#......# ###
.##.##.....#......#
.##.########......# ..#.#
#.........# ######### ..#.#
#.........# #........ ..#.#
#....###### #[......( ..#.#
#....# #......(.


You could see Grinder (poisoned) and a goblin.

Vanquished Creatures
  3 dart slugs
  2 bats
  5 giant cockroaches
  6 goblins
  2 hobgoblins
  A jackal (D:2)
  2 ball pythons
  4 frilled lizards
  13 kobolds
  3 rats
41 creatures vanquished.

Notes
Turn   | Place    | Note
-------+----------+-------------------------------------------
     0 | D:1      | promet the Octopode Brigand began the quest for the Orb.
     0 | D:1      | Reached XP level 1. HP: 14/14 MP: 1/1
   199 | D:1      | Reached XP level 2. HP: 12/19 MP: 2/2
   202 | D:1      | Reached skill level 6 in Stealth
   839 | D:1      | Reached XP level 3. HP: 9/24 MP: 3/3
  1079 | D:1      | You fall into a shaft and drop 1 floor!
  1079 | D:2      | Found a hide-covered altar of Uskayaw.
  1079 | D:2      | Found a radiant altar of Vehumet.
  1079 | D:2      | Found a hazy altar of Hepliaklqana.
  1079 | D:2      | Found a glowing golden altar of the Shining One.
  1079 | D:2      | Found an ornate altar of the Wu Jian Council.
  2263 | D:3      | Reached skill level 7 in Stealth
  2300 | D:3      | Noticed Grinder
  2319 | D:3      | Paralysed by Grinder for 3 turns
  2330 | D:3      | Slain by Grinder

Illustrated notes

Levels and vault maps discovered:
D:1:      onia_arrival_mini_maze, layout_rooms
D:2:      layout_basic, grunt_temple_overflow_open
D:3:      layout_basic, uniq_grinder

Skill      XL: |  1  2  3 |
---------------+----------+-----
Stealth        | 6 7 |  7.0
Fighting       | |  2.1
Short Blades   | |  2.1
Throwing       | |  2.1
Dodging        | |  1.0

Action                   || total
-------------------------++-------
Melee: Dagger            ||    86
       Constrict         ||    26
       Tentacles         ||     9
Throw: Dart              ||    23
  Use: Scroll            ||     2
 Stab: Sleeping          ||     5
Armor: Skin              ||     2
Dodge: Dodged            ||    45
